 Dungeon Crawl Stone Soup version 0.31-a0-345-g1ebeae05c6 (webtiles) character file.

Game seed: 16573110144921631580

88 porpoise the Shooter (level 4, -5/28 HPs)
             Began as a Tengu Hunter on July 23, 2023.
             Slain by Natasha (8 damage)
             ... on level 2 of the Dungeon.
             The game lasted 00:02:35 (1331 turns).

porpoise the Shooter (Tengu Hunter)                 Turns: 1331, Time: 00:02:35

Health: -5/28      AC:  3    Str: 11    XL:     4   Next: 54%
Magic:  5/5        EV: 12    Int: 10    God:
Gold:   81         SH:  0    Dex: 19    Spells: 3/3 levels left

rFire   . . .        a - +0 shortbow
rCold   . . .        (shield currently unavailable)
rNeg    . . .        c - +0 leather armour
rPois   .            (helmet restricted)
rElec   .            (no cloak)
rCorr   .            (no gloves)
SInv    .            (boots unavailable)
Will    .....        (no amulet)
Stlth   ++           (no ring)
HPRegen 0.24/turn    (no ring)
MPRegen 0.09/turn

%: no passive effects
@: no status effects
A: beak, talons 3
a: no special abilities


You were on level 2 of the Dungeon.
You visited 1 branch of the dungeon, and saw 2 of its levels.

You collected 81 gold pieces.

Inventory:

Hand Weapons
 a - a +0 shortbow (weapon)
Armour
 c - a +0 leather armour (worn)
Scrolls
 b - a scroll of butterflies
 e - 2 scrolls of blinking {unknown}
 f - 2 scrolls of identify {unknown}
 i - a scroll of teleportation {unknown}
 j - a scroll of enchant weapon {unknown}
 l - a scroll of fear {unknown}
 n - a scroll of vulnerability {unknown}
 p - a scroll of torment {unknown}
Potions
 d - 2 potions of invisibility {unknown}
 g - a potion of enlightenment {unknown}
 h - a potion of lignification {unknown}
 k - 3 potions of curing {unknown}
 m - a potion of degeneration {unknown}
 o - a potion of heal wounds {unknown}


   Skills:
 + Level 3.0 Fighting
 * Level 5.8 Ranged Weapons
 - Level 2.1 Dodging
 - Level 1.0 Stealth


You had 3 spell levels left.
You didn't know any spells.
Your spell library was empty.

Dungeon Overview and Level Annotations

Branches:
Dungeon (2/15)

Altars:

Annotations:
D:2 Natasha


Innate Abilities, Weirdness & Mutations

You have a beak for a mouth.
You have claws for feet.


Message History

You shoot an arrow.
The arrow hits the rat but does no damage.
You shoot an arrow. The arrow barely misses the rat.
You shoot an arrow. The arrow barely misses the rat.
The rat bites you.
You shoot an arrow.
The arrow hits the rat but does no damage.
The rat bites you. The rat barely misses you.
You shoot an arrow. The arrow hits the rat.
You kill the rat!
No target in view!
You start resting.
HP restored.
Unknown command.
Natasha, Servant of Life and Death comes into view.
Natasha hisses angrily.
You shoot an arrow. The arrow barely misses Natasha.
You shoot an arrow. The arrow barely misses Natasha.
You shoot an arrow. The arrow hits Natasha!
Natasha is heavily wounded.
Natasha claws you.
You shoot an arrow. The arrow barely misses Natasha.
Natasha claws you.
You shoot an arrow. The arrow barely misses Natasha.
Natasha stares at you and mumbles some strange words.
The magic dart hits you.
You shoot an arrow.
The arrow hits Natasha but does no damage.
Natasha is heavily wounded.
Natasha closely misses you. Natasha barely misses you.
You shoot an arrow. The arrow barely misses Natasha.
Natasha claws you!
You shoot an arrow. The arrow hits Natasha.
Natasha is severely wounded.
Natasha claws you.
* * * LOW HITPOINT WARNING * * *
You shoot an arrow. The arrow closely misses Natasha.
Natasha claws you.
* * * LOW HITPOINT WARNING * * *
You shoot an arrow.
The arrow hits Natasha but does no damage.
Natasha is severely wounded.
Natasha claws you!
You die...

......#......##.##........# #..
###...#...>.............#######..
.##...###.....###......).....##..
...#### #.....##.#...........##..
.#+######........#..†........####
........'†...##..............'...
.......##........##....#....)#...
.......#.....#'####....#.....#...
......##........@......#.....#...
.[....##........h#+#...#.....#...
......##.......... ...####...###.
.#######.....#......#... #...###.
.# #######...... ....+....... .#
####...####.# .###. .# .... +#
..... .. ..... .#### ..


You could see Natasha.

Vanquished Creatures
  Natasha (twice) (D:2)
  2 dart slugs (D:1)
  2 bats (D:1)
  An endoplasm (D:1)
  2 giant cockroaches (D:1)
  2 goblins (D:2)
  4 hobgoblins
  3 jackals (D:1)
  4 kobolds
  3 quokkas
  4 ball pythons (D:1)
  3 frilled lizards (D:1)
  2 rats
34 creatures vanquished.

Notes
Turn   | Place    | Note
-------+----------+-------------------------------------------
     0 | D:1      | porpoise the Tengu Hunter began the quest for the Orb.
     0 | D:1      | Reached XP level 1. HP: 12/12 MP: 2/2
    91 | D:1      | Reached XP level 2. HP: 17/17 MP: 3/3
   314 | D:1      | Found a faded altar of an unknown god.
   323 | D:1      | Reached skill level 5 in Ranged Weapons
   433 | D:1      | Reached XP level 3. HP: 22/22 MP: 4/4
  1111 | D:2      | Noticed Natasha
  1119 | D:2      | Killed Natasha
  1120 | D:2      | Reached XP level 4. HP: 23/27 MP: 5/5
  1194 | D:2      | Noticed Natasha
  1204 | D:2      | Killed Natasha
  1321 | D:2      | Noticed Natasha
  1331 | D:2      | Slain by Natasha

Illustrated notes

Levels and vault maps discovered:
D:1:      lemuel_arrival_broad_hall, layout_basic,
          nicolae_ecumenical_snake_handling, serial_bayou_lagoon_a
D:2:      layout_basic, uniq_natasha

Skill      XL: |  1  2  3  4 |
---------------+-------------+-----
Ranged Weapons | 5 |  5.8
Fighting       | 3 |  3.0
Dodging        | |  2.1
Stealth        | |  1.0

Action                     |  1- 3 |  4- 6 || total
---------------------------+-------+-------++-------
   Fire: Shortbow          |    91 |    28 ||   119
 Armour: Leather armour    |    12 |       ||    12
  Dodge: Dodged            |    14 |     5 ||    19

Table legend: (Time is in decaauts)
 A = Elapsed time spent in this place.
 B = Non-inter-level travel time spent in this place.
 C = Inter-level travel time spent in this place.
 D = Time resting spent in this place.
 E = Time spent auto-exploring this place.
 F = Levels seen in this place.
 G = Mean time per level.
                   A        B        C        D        E       F      G
               +--------+--------+--------+--------+--------+-----+--------+
         Total |   1360 |   1308 |     52 |    151 |    947 |   2 |  680.0 |
       Dungeon |   1360 |   1308 |     52 |    151 |    947 |   2 |  680.0 |
               +--------+--------+--------+--------+--------+-----+--------+

Top non-repeatable levels by time:
     D:1: 908 daAuts
     D:2: 452 daAuts
